 Dungeon Crawl Stone Soup version 0.30-a0-459-g9104f0f (webtiles) character file.

Game seed: 2628527695915954252

154 Illumine the Chopper (level 5, -3/47 HPs)
             Began as a Minotaur Fighter on Dec 14, 2022.
             Slain by Ijyb
             ... wielding a +0 club
              (5 damage)
             ... on level 4 of the Dungeon.
             The game lasted 00:01:26 (1955 turns).

Illumine the Chopper (Minotaur Fighter)             Turns: 1955, Time: 00:01:27

Health: -3/47      AC: 11    Str: 22    XL:     5   Next: 13%
Magic:  4/4        EV: 10    Int:  5    God:
Gold:   95         SH:  4    Dex: 10    Spells: 4/4 levels left

rFire   . . .      SeeInvis .    a - +0 war axe
rCold   . . .      Faith    .    c - +0 buckler
rNeg    . . .      Spirit   .    e - +4 ring mail
rPois   .          Reflect  .    (helmet restricted)
rElec   .          Harm     .    p - +0 cloak
rCorr   .          Rampage  .    (no gloves)
Will    .....                    (no boots)
Stlth   ..........               (no amulet)
HPRegen 0.27/turn                (no ring)
MPRegen 0.09/turn                (no ring)

@: no status effects
A: horns 2, retaliatory headbutt
a: no special abilities


You were on level 4 of the Dungeon.
You visited 1 branch of the dungeon, and saw 4 of its levels.

You collected 134 gold pieces.
You spent 39 gold pieces at shops.

Inventory:

Hand Weapons
 a - a +0 war axe (weapon)
Armour
 b - a +0 scale mail
 c - a +0 buckler (worn)
 e - a +4 ring mail (worn)
 p - a +0 cloak (worn)
Jewellery
 k - an amulet of faith
 r - a ring of protection from cold
Scrolls
 j - a scroll of silence
 l - a scroll of immolation
 m - a scroll of fog
 u - a scroll of magic mapping
Potions
 d - a potion of might
 f - a potion of berserk rage
 g - 4 potions of lignification
 h - a potion of flight {unknown}
 n - 4 potions of curing
 o - a potion of ambrosia {unknown}
 q - a potion of resistance {unknown}
 s - a potion of invisibility {unknown}
 t - a potion of heal wounds {unknown}


   Skills:
 + Level 4.6 Fighting
 * Level 4.7 Axes
 + Level 4.7 Armour
 - Level 4.0 Shields


You had 4 spell levels left.
You didn't know any spells.
Your spell library contained the following spells:

 Spells                   Type           Power      Damage    Failure   Level
 Cigotuvi's Dreadful Rot  Necr/Pois/Air  0%         N/A       86%         2
 Poisonous Vapours        Pois/Air       0%         N/A       86%         2
 Sublimation of Blood     Necr           0%         N/A       86%         2
 Wereblood                Tmut           0%         N/A       86%         2
 Mephitic Cloud           Conj/Pois/Air  0%         N/A       97%         3
 Summon Hydra             Summ           0%         N/A       100%        7


Dungeon Overview and Level Annotations

Branches:
Dungeon (4/15)
 Temple: D:4-7

Altars:
Fedhas
Hepliaklqana
Ru
Uskayaw
Vehumet
Xom

Shops:
D:2 !

Annotations:
D:4 1 runed translucent door, Crazy Yiuf, Ijyb


Innate Abilities, Weirdness & Mutations

You have a pair of horns on your head.
You reflexively headbutt those who attack you in melee.


Message History

You are frozen.
You hit the endoplasm.
You kill the endoplasm!
No target in view!
HP restored.
Key pressed, stopping explore.
No target in view!
Ijyb the Twisted Goblin comes into view.
She is wielding a +0 club and carrying a wand of quicksilver (4).
Ijyb shouts!
Ijyb is nearby!
Ijyb zaps a wand.
The bolt of dispelling energy hits you!
Ijyb is nearby!
Ijyb zaps a wand.
The bolt of dispelling energy hits you!
You are too injured to fight recklessly!
Ijyb zaps a wand.
The bolt of dispelling energy hits you!
* * * LOW HITPOINT WARNING * * *
You are too injured to fight recklessly!
You slash Ijyb!
Ijyb is moderately wounded.
Ijyb barely misses you.
You slash Ijyb!
Ijyb is severely wounded.
You block Ijyb's attack. Ijyb closely misses you.
You hit Ijyb but do no damage.
Ijyb is severely wounded.
Ijyb zaps a wand.
The bolt of dispelling energy hits you!
* * * LOW HITPOINT WARNING * * *
The now-empty wand crumbles to dust.
You hit Ijyb but do no damage. Your headbutt misses Ijyb.
Ijyb is severely wounded.
Ijyb barely misses you.
You barely miss Ijyb.
Ijyb is severely wounded.
Ijyb barely misses you. Ijyb hits you with a +0 club.
* * * LOW HITPOINT WARNING * * *
Okay, then.
You barely miss Ijyb. Your headbutt misses Ijyb.
Ijyb is heavily wounded.
Ijyb hits you with a +0 club.
You die...

.# #.# ##+## .###.#
##...## .###.
.....###.....## ......
.######.......####.#.#.#
..####<...........$....#
.....'........#.#.#.....
....##.......!.........#
.##.###.......#.#.#..#
.#...###........@g..#
##....###.....#.#.#.#
##..## ##+##.......#
♣....♣ ######### ♣♣...♣
♣♣.♣♣ ♣♣.♣ ♣.♣♣ ♣♣.♣


You could see Ijyb.

Vanquished Creatures
  A scorpion (D:3)
  4 adders
  2 worms
  7 bats
  4 endoplasms
  3 giant cockroaches
  6 goblins
  5 hobgoblins (D:1)
  4 jackals (D:2)
  5 kobolds
  A quokka (D:1)
  5 ball pythons
  2 frilled lizards
  6 rats
55 creatures vanquished.

Notes
Turn   | Place    | Note
-------+----------+-------------------------------------------
     0 | D:1      | Illumine the Minotaur Fighter began the quest for the Orb.
     0 | D:1      | Reached XP level 1. HP: 19/19 MP: 0/0
   113 | D:1      | Reached XP level 2. HP: 27/27 MP: 1/1
   736 | D:2      | Reached XP level 3. HP: 33/33 MP: 2/2
   739 | D:2      | Found a faded altar of an unknown god.
   928 | D:2      | Found Kueluff's Distillery.
   934 | D:2      | Bought a potion of curing for 39 gold pieces
  1226 | D:3      | Reached XP level 4. HP: 40/40 MP: 3/3
  1240 | D:3      | Found a blossoming altar of Fedhas.
  1326 | D:3      | Found a hide-covered altar of Uskayaw.
  1366 | D:3      | Noticed a scorpion
  1374 | D:3      | Killed a scorpion
  1542 | D:3      | Found a radiant altar of Vehumet.
  1615 | D:3      | Reached XP level 5. HP: 47/47 MP: 4/4
  1702 | D:3      | Found a shimmering altar of Xom.
  1703 | D:3      | Found a hazy altar of Hepliaklqana.
  1704 | D:3      | Noticed a spectral ugly thing
  1805 | D:3      | Found a sacrificial altar of Ru.
  1917 | D:4      | Found a runed translucent door.
  1918 | D:4      | Noticed Crazy Yiuf
  1945 | D:4      | Noticed Ijyb
  1954 | D:4      | HP: 2/47 [Ijyb/+0 club (3)]
  1955 | D:4      | Slain by Ijyb

Illustrated notes

Levels and vault maps discovered:
D:1:      dpeg_arrival_rooms_with_view, layout_basic
D:2:      layout_loops_ring, serial_shops, shop,
          hellmonk_ecumenical_altar_dog_temple
D:3:      layout_rooms, regret_index_temple_of_mockery, fedhas_ov_isle_minmay,
          nicolae_ru_awakened_eye, mainiacjoe_overflow_catch_the_wave
D:4:      layout_loops_corners, chequers_temple_overflow_minitemple,
          serial_glass, glass_columns_b, glass_columns_b, minmay_vboxes,
          uniq_crazy_yiuf_cottage, uniq_ijyb, uniq_duvessa

Skill      XL: |  1  2  3  4 |
---------------+-------------+-----
Axes           | 3 4 |  4.7
Fighting       | 4 |  4.6
Armour         | 4 |  4.7
Shields        | 4 |  4.0

Action                   |  1- 3 |  4- 6 || total
-------------------------+-------+-------++-------
Melee: War axe           |    70 |    41 ||   111
       Headbutt          |     8 |     5 ||    13
  Use: Scroll            |       |     7 ||     7
Armor: Ring mail         |    35 |    16 ||    51
       Scale mail        |     1 |       ||     1
Dodge: Dodged            |    47 |    26 ||    73
Block: Buckler           |    17 |     6 ||    23

Table legend: (Time is in decaauts)
 A = Elapsed time spent in this place.
 B = Non-inter-level travel time spent in this place.
 C = Inter-level travel time spent in this place.
 D = Time resting spent in this place.
 E = Time spent auto-exploring this place.
 F = Levels seen in this place.
 G = Mean time per level.
                   A        B        C        D        E       F      G
               +--------+--------+--------+--------+--------+-----+--------+
         Total |   1995 |   1919 |     76 |      0 |   1529 |   4 |  498.8 |
       Dungeon |   1995 |   1919 |     76 |      0 |   1529 |   4 |  498.8 |
               +--------+--------+--------+--------+--------+-----+--------+

Top non-repeatable levels by time:
     D:1: 720 daAuts
     D:3: 688 daAuts
     D:2: 519 daAuts
     D:4: 67 daAuts
